Vancouver Canucks vs Edmonton Oilers

Created - mardi, 21 avril 2026 at 19:00

Goals
1 2 3 OT1 T
Vancouver Canucks 1 2 0 0 3
Edmonton Oilers 2 1 0 1 4
Shots
1 2 3 OT1 T
Vancouver Canucks 12 14 12 0 38
Edmonton Oilers 12 11 5 3 31

1st period

1. Edmonton Oilers , Gabriel Vilardi 1 (Nick Foligno 1, Ryan Nugent-Hopkins 1) at 3:23
2. Vancouver Canucks , Mason Appleton 1 (Quinn Hughes 1) at 12:32
3. Edmonton Oilers , Gabriel Vilardi 2 (Ryan Nugent-Hopkins 2, Andrei Vasilevskiy) at 19:34 (PP)

Penalties :
Vasily Podkolzin (VAN) for Roughing (Double Minor) at 16:23

2nd period

4. Vancouver Canucks , Pius Suter 1 (Quinn Hughes 2, Bo Horvat 1) at 2:45 (PP)
5. Edmonton Oilers , Gabriel Vilardi 3 (Ryan Nugent-Hopkins 3, Nick Foligno 2) at 12:57
6. Vancouver Canucks , Matthew Knies 1 (Wyatt Johnston 1, Brock Boeser 1) at 16:25

Penalties :
Joel Armia (EDM) for Roughing (Minor) at 2:03, Tom Wilson (EDM) for Fighting (Major) at 3:50, Vasily Podkolzin (VAN) for Fighting (Major) at 3:50, Brayden Point (EDM) for Fighting (Major) at 3:50, Quinn Hughes (VAN) for Fighting (Major) at 3:50, Connor McDavid (EDM) for Fighting (Major) at 3:50, Casey Mittelstadt (VAN) for Fighting (Major) at 3:50, Dmitry Kulikov (EDM) for Roughing (Minor) at 3:50, Thomas Novak (VAN) for Cross-checking (Minor) at 3:50, John Carlson (EDM) for Hooking (Minor) at 3:50

3rd period

No Goal

Penalties :
Dmitry Kulikov (EDM) for Hooking (Minor) at 2:27, Craig Smith (EDM) for Hooking (Minor) at 16:43

Overtime #1

7. Edmonton Oilers , Tom Wilson 1 (Connor McDavid 1, Brayden Point 1) at 0:26

Penalties :
No Penalty

Goalie Stats

Jacob Markstrom (VAN), 27 saves from 31 shots - (0.871), OTL, 0-0-1, 60:27 minutes
Andrei Vasilevskiy (EDM), 35 saves from 38 shots - (0.921), W, 1-0-0, 60:27 minutes

Players Stats for Vancouver Canucks

Player Name              G  A  P  +/- PIM S  H  SB GA TA FO     MP     PP MP  PK MP  
------------------------------------------------------------------------------------
Bo Horvat                0  1  1  -2  0   3  0  0  0  0  13/26  19:28   2:24   1:44 
Brock Boeser             0  1  1   0  0   0  1  1  0  0  0/0    18:36   1:55   0:00 
Cale Makar               0  0  0  -1  0   4  1  1  0  0  0/0    26:36   2:46   1:49 
Casey Mittelstadt        0  0  0   0  5   3  1  0  0  0  0/0    12:27   0:43   0:00 
Chris Tanev              0  0  0  -1  0   1  2  1  0  0  0/0    19:05   0:00   1:29 
David Kampf              0  0  0   1  0   3  0  0  0  0  6/14   11:32   0:21   1:27 
Elias Pettersson         0  0  0  -2  0   2  1  0  0  0  0/0    17:43   2:24   0:00 
Mason Appleton           1  0  1   1  0   3  0  0  0  0  1/1     9:54   0:00   0:10 
Matthew Knies            1  0  1   0  0   3  1  0  0  0  0/1    17:22   1:55   0:00 
Nate Schmidt             0  0  0   0  0   1  0  1  0  0  0/0    15:24   1:38   0:00 
Oliver Ekman-Larsson     0  0  0   0  0   1  2  3  0  0  0/0    20:47   1:54   1:22 
Phillip Di Giuseppe      0  0  0   1  0   0  2  1  0  0  0/1     9:44   0:00   0:00 
Pius Suter               1  0  1  -2  0   5  1  0  0  0  1/3    17:03   2:02   1:34 
Quinn Hughes             0  2  2   0  5   1  1  2  0  0  0/0    23:27   2:46   1:42 
Thomas Novak             0  0  0   0  2   1  0  0  0  0  7/17   12:33   0:00   0:00 
Travis Hamonic           0  0  0   0  0   0  1  0  0  0  0/0    14:02   0:16   0:00 
Vasily Podkolzin         0  0  0   0  9   0  3  0  0  0  0/1    11:43   0:00   0:00 
Wyatt Johnston           0  1  1   0  0   7  0  1  0  0  15/27  19:34   2:16   1:27 

Players Stats for Edmonton Oilers

Player Name              G  A  P  +/- PIM S  H  SB GA TA FO     MP     PP MP  PK MP  
------------------------------------------------------------------------------------
Alexander Kerfoot        0  0  0   0  0   2  0  0  0  0  11/18  11:42   0:00   2:46 
Brayden Point            0  1  1   0  5   1  0  0  0  0  0/2    17:03   1:27   0:00 
Cody Ceci                0  0  0   0  0   1  1  1  0  0  0/0    17:42   0:00   3:15 
Connor McDavid           0  1  1   0  5   5  0  1  0  0  10/20  18:18   1:27   1:49 
Craig Smith              0  0  0   0  2   0  2  0  0  0  1/1     8:24   0:00   0:00 
Dmitry Kulikov           0  0  0   1  4   0  0  1  0  0  0/0    15:54   0:00   1:03 
Evan Bouchard            0  0  0   0  0   0  2  1  0  0  0/0    19:05   1:27   1:49 
Gabriel Vilardi          3  0  3   2  0   6  0  1  0  0  13/22  16:16   1:44   0:00 
Joel Armia               0  0  0  -1  2   1  1  0  0  0  1/1    13:57   0:00   1:52 
John Carlson             0  0  0   1  2   3  1  1  0  0  0/0    24:14   1:44   1:48 
Jordan Eberle            0  0  0  -1  0   1  2  0  0  0  0/0    14:41   1:44   0:00 
Marcus Foligno           0  0  0   0  0   1  1  0  0  0  0/0     8:22   0:00   0:00 
Nick Foligno             0  2  2   2  0   1  1  0  0  0  0/0    15:07   0:00   1:47 
Ryan McLeod              0  0  0  -1  0   2  0  0  0  0  12/24  15:36   0:00   2:59 
Ryan Nugent-Hopkins      0  3  3   2  0   3  2  0  0  0  0/0    16:43   1:44   0:06 
Ryan Pulock              0  0  0   0  0   0  0  2  0  0  0/0    19:56   1:44   3:12 
Tom Wilson               1  0  1   0  5   4  4  0  0  0  0/3    16:29   1:27   0:00 
Zach Werenski            0  0  0   0  0   0  1  0  0  0  0/0    24:00   1:27   2:11 

3 Stars

1 - Gabriel Vilardi (EDM)
2 - Ryan Nugent-Hopkins (EDM)
3 - Nick Foligno (EDM)

Power Play

Vancouver Canucks - 1 on 4 Attempt(s) - 25.00%
Edmonton Oilers - 1 on 2 Attempt(s) - 50.00%

Penalty Kill

Vancouver Canucks - 1 on 2 Attempt(s) - 50.00% - Score 0 goal in Penalty Kill
Edmonton Oilers - 3 on 4 Attempt(s) - 75.00% - Score 0 goal in Penalty Kill

Team Stat

Vancouver Canucks - Hits : 17 - Faceoff Wins : 43 - Blocked Shots : 11 - Penalty Minutes : 21
Edmonton Oilers - Hits : 18 - Faceoff Wins : 48 - Blocked Shots : 8 - Penalty Minutes : 25

Official

Referees : Garrett Rank and Michael Markovic
Linesman : Julien Fournier and Tyson Baker

Game Notes

General Fight at 3:50 of 2nd period
Tom Wilson and Vasily Podkolzin fight to a draw at 3:50 of 2nd period
Brayden Point and Quinn Hughes fight to a draw at 3:50 of 2nd period
Connor McDavid and Casey Mittelstadt fight to a draw at 3:50 of 2nd period
Gabriel Vilardi has scored a Hat Trick!

Finance

Level 1 -- Attendance: 9451 (89.16%) -- Ticket Income $ 1 134 120
Level 2 -- Attendance: 1978 (89.91%) -- Ticket Income $ 197 800
Level 3 -- Attendance: 3186 (86.11%) -- Ticket Income $ 223 020
Level 4 -- Attendance: 1249 (86.14%) -- Ticket Income $ 56 205
Luxury Box -- Attendance: 46 (92.00%) -- Ticket Income $ 11 500
Game was played at the Rogers Place.
Total Attendance: 15910 (88.39%)
Total Ticket Income: $ 1 622 645
Total Income: $ 1 622 645

Vancouver Canucks

5 vs 5 Forward 
   Center                   Left Wing                Right Wing               Time % Phy DF OF 
 1 Wyatt Johnston           Matthew Knies            Brock Boeser             30     0   1  4  
 2 Bo Horvat                Elias Pettersson         Pius Suter               27     1   1  3  
 3 Thomas Novak             Casey Mittelstadt        Vasily Podkolzin         24     1   2  2  
 4 David Kampf              Phillip Di Giuseppe      Mason Appleton           19     1   2  2  

5 vs 5 Defense 
   Defense                  Defense                                           Time % Phy DF OF 
 1 Cale Makar               Chris Tanev                                       42     0   2  3  
 2 Oliver Ekman-Larsson     Quinn Hughes                                      36     0   2  3  
 3 Nate Schmidt             Travis Hamonic                                    22     1   2  2  
 4 Cale Makar               Quinn Hughes                                      0      1   2  2  

PowerPlay Forward 
   Center                   Left Wing                Right Wing               Time % Phy DF OF 
 1 Wyatt Johnston           Matthew Knies            Brock Boeser             55     0   0  5  
 2 Bo Horvat                Elias Pettersson         Pius Suter               45     0   1  4  

PowerPlay Defense
   Defense                  Defense                                           Time % Phy DF OF 
 1 Quinn Hughes             Cale Makar                                        55     0   0  5  
 2 Oliver Ekman-Larsson     Nate Schmidt                                      45     0   1  4  

Penalty Kill 4 Players Forward 
   Center                   Wing                     Time % Phy DF OF 
 1 Bo Horvat                Pius Suter               50     0   1  4  
 2 David Kampf              Wyatt Johnston           50     0   4  1  

Penalty Kill 4 Players Defense
   Defense                  Defense                  Time % Phy DF OF 
 1 Cale Makar               Chris Tanev              50     1   4  0  
 2 Oliver Ekman-Larsson     Quinn Hughes             50     1   4  0  

Penalty Kill - 3 Players Forward 
   Forward                                           Time % Phy DF OF 
 1 Bo Horvat                                         55     0   5  0  
 2 Wyatt Johnston                                    45     0   5  0  

Penalty Kill - 3 Players Defense
   Defense                  Defense                  Time % Phy DF OF 
 1 Cale Makar               Chris Tanev              55     1   4  0  
 2 Oliver Ekman-Larsson     Quinn Hughes             45     1   4  0  

4 vs 4 Forward 
   Center                   Wing                     Time % Phy DF OF 
 1 Bo Horvat                Brock Boeser             50     0   2  3  
 2 Wyatt Johnston           Elias Pettersson         50     0   2  3  

4 vs 4 Defense
   Defense                  Defense                  Time % Phy DF OF 
 1 Cale Makar               Chris Tanev              50     0   3  2  
 2 Oliver Ekman-Larsson     Quinn Hughes             50     0   3  2  

Last Minutes Offensive
   Center                   Left Wing                Right Wing               Defense                  Defense                  
   Wyatt Johnston           Matthew Knies            Brock Boeser             Cale Makar               Quinn Hughes             

Last Minutes Defensive
   Center                   Left Wing                Right Wing               Defense                  Defense                  
   Bo Horvat                Pius Suter               David Kampf              Oliver Ekman-Larsson     Chris Tanev              

Goaltenders
Starting : Jacob Markstrom          
Backup : Spencer Martin           

Extra Forwards
Normal : Elias Pettersson, Matthew Knies, Brock Boeser - PP : Elias Pettersson, Matthew Knies - PK : Mason Appleton
Extra Defensemen
Normal : Cale Makar, Quinn Hughes, Oliver Ekman-Larsson - PP : Cale Makar - PK : Oliver Ekman-Larsson, Cale Makar
Penalty Shots
Wyatt Johnston, Cale Makar, Brock Boeser, Bo Horvat, Matthew Knies
Custom OT Lines Forwards
Brock Boeser, Wyatt Johnston, Bo Horvat, Matthew Knies, Elias Pettersson, Casey Mittelstadt, Thomas Novak, Pius Suter, Vasily Podkolzin, Mason Appleton
Custom OT Lines Defensemen
Cale Makar, Quinn Hughes, Oliver Ekman-Larsson, Chris Tanev, Nate Schmidt

Scratches
Erik Brannstrom (Healthy), Jonah Gadjovich (Healthy)

Edmonton Oilers

5 vs 5 Forward 
   Center                   Left Wing                Right Wing               Time % Phy DF OF 
 1 Connor McDavid           Tom Wilson               Brayden Point            35     0   1  4  
 2 Gabriel Vilardi          Ryan Nugent-Hopkins      Nick Foligno             26     1   2  2  
 3 Ryan McLeod              Joel Armia               Jordan Eberle            24     0   3  2  
 4 Alexander Kerfoot        Craig Smith              Marcus Foligno           15     1   3  1  

5 vs 5 Defense 
   Defense                  Defense                                           Time % Phy DF OF 
 1 Dmitry Kulikov           John Carlson                                      30     1   3  1  
 2 Zach Werenski            Cody Ceci                                         30     0   4  1  
 3 Evan Bouchard            Ryan Pulock                                       30     0   4  1  
 4 Zach Werenski            John Carlson                                      10     0   3  2  

PowerPlay Forward 
   Center                   Left Wing                Right Wing               Time % Phy DF OF 
 1 Connor McDavid           Tom Wilson               Brayden Point            60     0   0  5  
 2 Gabriel Vilardi          Ryan Nugent-Hopkins      Jordan Eberle            40     0   0  5  

PowerPlay Defense
   Defense                  Defense                                           Time % Phy DF OF 
 1 Zach Werenski            Evan Bouchard                                     60     0   0  5  
 2 Ryan Pulock              John Carlson                                      40     0   1  4  

Penalty Kill 4 Players Forward 
   Center                   Wing                     Time % Phy DF OF 
 1 Ryan McLeod              Joel Armia               55     0   5  0  
 2 Alexander Kerfoot        Nick Foligno             45     0   5  0  

Penalty Kill 4 Players Defense
   Defense                  Defense                  Time % Phy DF OF 
 1 Ryan Pulock              John Carlson             50     0   5  0  
 2 Dmitry Kulikov           Cody Ceci                50     0   5  0  

Penalty Kill - 3 Players Forward 
   Forward                                           Time % Phy DF OF 
 1 Ryan McLeod                                       50     0   5  0  
 2 Alexander Kerfoot                                 50     0   5  0  

Penalty Kill - 3 Players Defense
   Defense                  Defense                  Time % Phy DF OF 
 1 Ryan Pulock              John Carlson             50     1   4  0  
 2 Dmitry Kulikov           Cody Ceci                50     1   4  0  

4 vs 4 Forward 
   Center                   Wing                     Time % Phy DF OF 
 1 Connor McDavid           Brayden Point            50     0   1  4  
 2 Ryan Nugent-Hopkins      Gabriel Vilardi          50     1   2  2  

4 vs 4 Defense
   Defense                  Defense                  Time % Phy DF OF 
 1 Zach Werenski            Cody Ceci                55     0   4  1  
 2 Evan Bouchard            John Carlson             45     0   4  1  

Last Minutes Offensive
   Center                   Left Wing                Right Wing               Defense                  Defense                  
   Connor McDavid           Tom Wilson               Brayden Point            Zach Werenski            Evan Bouchard            

Last Minutes Defensive
   Center                   Left Wing                Right Wing               Defense                  Defense                  
   Ryan Nugent-Hopkins      Tom Wilson               Nick Foligno             Zach Werenski            John Carlson             

Goaltenders
Starting : Andrei Vasilevskiy       
Backup : Joel Hofer               

Extra Forwards
Normal : Connor McDavid, Tom Wilson, Ryan McLeod - PP : Ryan McLeod, Nick Foligno - PK : Connor McDavid
Extra Defensemen
Normal : Zach Werenski, John Carlson, Evan Bouchard - PP : Cody Ceci - PK : Zach Werenski, Evan Bouchard
Penalty Shots
Brayden Point, Connor McDavid, Gabriel Vilardi, Jordan Eberle, Tom Wilson
Custom OT Lines Forwards
Connor McDavid, Brayden Point, Ryan Nugent-Hopkins, Tom Wilson, Ryan McLeod, Nick Foligno, Alexander Kerfoot, Jordan Eberle, Joel Armia, 
Custom OT Lines Defensemen
Zach Werenski, John Carlson, Evan Bouchard, Cody Ceci, Ryan Pulock

Scratches
Calvin Pickard (Healthy)

% Time on Ice - Vancouver Canucks

Lines # - Real PCT - Wanted PCT - Time Play
Normal Forward
1 - 26% - 30% - 13:20
2 - 28% - 27% - 14:20
3 - 26% - 24% - 13:13
4 - 19% - 19% - 9:44
Normal Defense
1 - 30% - 42% - 15:18
2 - 38% - 36% - 19:12
3 - 24% - 22% - 12:01
4 - 8% - 0% - 4:06
PP Forward
1 - 49% - 55% - 2:16
2 - 51% - 45% - 2:24
PP Defense
1 - 59% - 55% - 2:46
2 - 41% - 45% - 1:54
PK Forward
1 - 54% - 50% - 1:44
2 - 46% - 50% - 1:27
PK Defense
1 - 57% - 50% - 1:49
2 - 43% - 50% - 1:22
PK3 Forward
1 - 0% - 55%
2 - 0% - 45%
PK3 Defense
1 - 0% - 55%
2 - 0% - 45%
44 Forward
1 - 50% - 50% - 1:00
2 - 50% - 50% - 0:59
44 Defense
1 - 36% - 50% - 0:43
2 - 64% - 50% - 1:16
Last Minute Offensive  - 0:00
Last Minute Defensive  - 0:00
Total
Forward - 60:27
Defense - 60:27

% Time on Ice - Edmonton Oilers

Lines # - Real PCT - Wanted PCT - Time Play
Normal Forward
1 - 36% - 35% - 18:16
2 - 26% - 26% - 13:04
3 - 23% - 24% - 11:29
4 - 15% - 15% - 7:48
Normal Defense
1 - 29% - 30% - 14:53
2 - 29% - 30% - 14:27
3 - 30% - 30% - 15:00
4 - 12% - 10% - 6:17
PP Forward
1 - 46% - 60% - 1:27
2 - 54% - 40% - 1:44
PP Defense
1 - 46% - 60% - 1:27
2 - 54% - 40% - 1:44
PK Forward
1 - 62% - 55% - 2:53
2 - 38% - 45% - 1:47
PK Defense
1 - 46% - 50% - 2:10
2 - 54% - 50% - 2:30
PK3 Forward
1 - 50% - 50% - 1:00
2 - 50% - 50% - 0:59
PK3 Defense
1 - 50% - 50% - 0:59
2 - 50% - 50% - 1:00
44 Forward
1 - 0% - 50%
2 - 0% - 50%
44 Defense
1 - 0% - 55%
2 - 0% - 45%
Last Minute Offensive  - 0:00
Last Minute Defensive  - 0:00
Total
Forward - 60:27
Defense - 60:27

Play-by-Play

1st period


0:01 of 1st period - Connor McDavid wins face-off versus Wyatt Johnston in neutral zone.
0:01 of 1st period - Connor McDavid is hit by Brock Boeser.
0:22 of 1st period - Shot by Wyatt Johnston.
0:22 of 1st period - Shot Misses the Net.
1:08 of 1st period - Shot by Bo Horvat.
1:08 of 1st period - Deflect By Pius Suter.
1:08 of 1st period - Shot Blocked by Gabriel Vilardi.
1:44 of 1st period - Shot by Ryan McLeod.
1:44 of 1st period - Shot Misses the Net.
2:29 of 1st period - Icing by Pius Suter.
2:30 of 1st period - Bo Horvat wins face-off versus Connor McDavid in Vancouver Canucks zone.
2:48 of 1st period - Shot by Brayden Point.
2:48 of 1st period - Shot Misses the Net.
2:50 of 1st period - Shot by Connor McDavid.
2:50 of 1st period - Deflect By Brayden Point.
2:50 of 1st period - Shot Misses the Net.
3:09 of 1st period - Icing by Oliver Ekman-Larsson.
3:10 of 1st period - Bo Horvat wins face-off versus Gabriel Vilardi in Vancouver Canucks zone.
3:23 of 1st period - Shot by Nick Foligno.
3:23 of 1st period - Deflect By Gabriel Vilardi.
3:23 of 1st period - Goal by Gabriel Vilardi - Vancouver Canucks : 0 - Edmonton Oilers : 1.
3:24 of 1st period - Ryan McLeod wins face-off versus Vasily Podkolzin in neutral zone.
3:49 of 1st period - Shot by Casey Mittelstadt.
3:49 of 1st period - Stopped by Andrei Vasilevskiy without a rebound.
3:50 of 1st period - Alexander Kerfoot wins face-off versus David Kampf in Edmonton Oilers zone.
3:59 of 1st period - Shot by Marcus Foligno.
3:59 of 1st period - Deflect By Alexander Kerfoot.
3:59 of 1st period - Stopped by Jacob Markstrom without a rebound.
4:00 of 1st period - Gabriel Vilardi wins face-off versus Wyatt Johnston in Vancouver Canucks zone.
4:03 of 1st period - Shot by Gabriel Vilardi.
4:03 of 1st period - Deflect By Ryan Nugent-Hopkins.
4:03 of 1st period - Shot Misses the Net.
4:55 of 1st period - Icing by Cale Makar.
4:56 of 1st period - Wyatt Johnston wins face-off versus Tom Wilson in Vancouver Canucks zone.
5:04 of 1st period - Cale Makar is hit by Evan Bouchard and loses puck.
5:17 of 1st period - Shot by Tom Wilson.
5:17 of 1st period - Stopped by Jacob Markstrom without a rebound.
5:18 of 1st period - Thomas Novak wins face-off versus Ryan McLeod in Vancouver Canucks zone.
5:29 of 1st period - Shot by Casey Mittelstadt.
5:29 of 1st period - Stopped by Andrei Vasilevskiy without a rebound.
5:30 of 1st period - Mason Appleton wins face-off versus Alexander Kerfoot in Edmonton Oilers zone.
5:39 of 1st period - Shot by David Kampf.
5:39 of 1st period - Stopped by Andrei Vasilevskiy without a rebound.
5:40 of 1st period - Thomas Novak wins face-off versus Connor McDavid in Edmonton Oilers zone.
6:00 of 1st period - Shot by Connor McDavid.
6:00 of 1st period - Shot Blocked by Quinn Hughes.
6:02 of 1st period - Shot by John Carlson.
6:02 of 1st period - Stopped by Jacob Markstrom without a rebound.
6:03 of 1st period - Joel Armia wins face-off versus David Kampf in Vancouver Canucks zone.
6:16 of 1st period - Shot by Nate Schmidt.
6:16 of 1st period - Deflect By Mason Appleton.
6:16 of 1st period - Shot Misses the Net.
6:24 of 1st period - Shot by Mason Appleton.
6:24 of 1st period - Stopped by Andrei Vasilevskiy with a rebound.
6:26 of 1st period - Shot by Nate Schmidt.
6:26 of 1st period - Stopped by Andrei Vasilevskiy without a rebound.
6:27 of 1st period - Wyatt Johnston wins face-off versus Alexander Kerfoot in Edmonton Oilers zone.
6:54 of 1st period - Shot by Wyatt Johnston.
6:54 of 1st period - Stopped by Andrei Vasilevskiy without a rebound.
6:55 of 1st period - Thomas Novak wins face-off versus Connor McDavid in Edmonton Oilers zone.
7:10 of 1st period - Shot by Brayden Point.
7:10 of 1st period - Shot Blocked by Nate Schmidt.
7:16 of 1st period - Shot by Casey Mittelstadt.
7:16 of 1st period - Shot Misses the Net.
7:27 of 1st period - Icing by Vasily Podkolzin.
7:28 of 1st period - Ryan McLeod wins face-off versus Thomas Novak in Vancouver Canucks zone.
7:55 of 1st period - Shot by Ryan McLeod.
7:55 of 1st period - Stopped by Jacob Markstrom without a rebound.
7:56 of 1st period - David Kampf wins face-off versus Gabriel Vilardi in Vancouver Canucks zone.
8:03 of 1st period - Icing by David Kampf.
8:04 of 1st period - David Kampf wins face-off versus Connor McDavid in Vancouver Canucks zone.
8:04 of 1st period - David Kampf is hit by Tom Wilson.
8:59 of 1st period - Icing by Oliver Ekman-Larsson.
9:00 of 1st period - Gabriel Vilardi wins face-off versus Wyatt Johnston in Vancouver Canucks zone.
9:00 of 1st period - Gabriel Vilardi is hit by Oliver Ekman-Larsson.
9:18 of 1st period - Shot by Gabriel Vilardi.
9:18 of 1st period - Stopped by Jacob Markstrom without a rebound.
9:19 of 1st period - Bo Horvat wins face-off versus Alexander Kerfoot in Vancouver Canucks zone.
9:19 of 1st period - Bo Horvat is hit by Craig Smith.
9:29 of 1st period - Shot by Pius Suter.
9:29 of 1st period - Stopped by Andrei Vasilevskiy without a rebound.
9:30 of 1st period - Ryan McLeod wins face-off versus Thomas Novak in Edmonton Oilers zone.
9:40 of 1st period - Ryan McLeod is hit by Travis Hamonic and loses puck.
10:39 of 1st period - Shot by Gabriel Vilardi.
10:39 of 1st period - Shot Misses the Net.
10:52 of 1st period - Off-side.
10:53 of 1st period - Connor McDavid wins face-off versus Bo Horvat in neutral zone.
11:28 of 1st period - Shot by Bo Horvat.
11:28 of 1st period - Shot Misses the Net.
12:32 of 1st period - Shot by Mason Appleton.
12:32 of 1st period - Goal by Mason Appleton - Vancouver Canucks : 1 - Edmonton Oilers : 1.
12:33 of 1st period - Gabriel Vilardi wins face-off versus Thomas Novak in neutral zone.
13:04 of 1st period - Shot by Ryan Nugent-Hopkins.
13:04 of 1st period - Stopped by Jacob Markstrom without a rebound.
13:05 of 1st period - Ryan McLeod wins face-off versus Pius Suter in Vancouver Canucks zone.
13:10 of 1st period - Shot by John Carlson.
13:10 of 1st period - Shot Misses the Net.
13:16 of 1st period - Shot by Ryan McLeod.
13:16 of 1st period - Stopped by Jacob Markstrom without a rebound.
13:17 of 1st period - David Kampf wins face-off versus Connor McDavid in Vancouver Canucks zone.
13:17 of 1st period - Cale Makar is hit by Tom Wilson and loses puck.
13:21 of 1st period - Cale Makar is hit by Tom Wilson.
13:45 of 1st period - Shot by David Kampf.
13:45 of 1st period - Stopped by Andrei Vasilevskiy without a rebound.
13:46 of 1st period - Wyatt Johnston wins face-off versus Ryan McLeod in Edmonton Oilers zone.
13:47 of 1st period - Shot by Matthew Knies.
13:47 of 1st period - Deflect By Wyatt Johnston.
13:47 of 1st period - Shot Blocked by Cody Ceci.
14:00 of 1st period - Icing by Oliver Ekman-Larsson.
14:01 of 1st period - Wyatt Johnston wins face-off versus Gabriel Vilardi in Vancouver Canucks zone.
14:25 of 1st period - Shot by Wyatt Johnston.
14:25 of 1st period - Stopped by Andrei Vasilevskiy without a rebound.
14:26 of 1st period - Connor McDavid wins face-off versus Bo Horvat in Edmonton Oilers zone.
14:35 of 1st period - Icing by Cale Makar.
14:36 of 1st period - Bo Horvat wins face-off versus Ryan McLeod in Vancouver Canucks zone.
15:27 of 1st period - Shot by Casey Mittelstadt.
15:27 of 1st period - Shot Blocked by Dmitry Kulikov.
15:29 of 1st period - Shot by Oliver Ekman-Larsson.
15:29 of 1st period - Stopped by Andrei Vasilevskiy without a rebound.
15:30 of 1st period - Connor McDavid wins face-off versus Wyatt Johnston in Edmonton Oilers zone.
15:40 of 1st period - Icing by Nate Schmidt.
15:41 of 1st period - Wyatt Johnston wins face-off versus Alexander Kerfoot in Vancouver Canucks zone.
15:41 of 1st period - Wyatt Johnston is hit by Marcus Foligno.
15:52 of 1st period - Icing by Ryan Pulock.
15:53 of 1st period - Alexander Kerfoot wins face-off versus David Kampf in Edmonton Oilers zone.
15:59 of 1st period - Off-side.
16:00 of 1st period - Connor McDavid wins face-off versus Thomas Novak in neutral zone.
16:17 of 1st period - Zach Werenski is hit by Vasily Podkolzin and loses puck.
16:23 of 1st period - Double Minor Penalty to Vasily Podkolzin for Roughing.
16:24 of 1st period - Gabriel Vilardi wins face-off versus Bo Horvat in Vancouver Canucks zone.
16:25 of 1st period - Shot by John Carlson.
16:25 of 1st period - Shot Blocked by Cale Makar.
16:52 of 1st period - John Carlson is hit by Quinn Hughes and loses puck.
17:09 of 1st period - Shot by Zach Werenski.
17:09 of 1st period - Shot Misses the Net.
17:11 of 1st period - Shot by Connor McDavid.
17:11 of 1st period - Shot Misses the Net.
17:13 of 1st period - Shot by Tom Wilson.
17:13 of 1st period - Shot Misses the Net.
17:19 of 1st period - Shot by Evan Bouchard.
17:19 of 1st period - Shot Hit the Post.
17:44 of 1st period - Zach Werenski is hit by Cale Makar.
17:46 of 1st period - Shot by Connor McDavid.
17:46 of 1st period - Stopped by Jacob Markstrom without a rebound.
17:47 of 1st period - Gabriel Vilardi wins face-off versus David Kampf in Vancouver Canucks zone.
17:48 of 1st period - Shot by John Carlson.
17:48 of 1st period - Shot Misses the Net.
18:04 of 1st period - Shot by Ryan Nugent-Hopkins.
18:04 of 1st period - Shot Blocked by Wyatt Johnston.
18:06 of 1st period - Shot by John Carlson.
18:06 of 1st period - Stopped by Jacob Markstrom without a rebound.
18:07 of 1st period - Pius Suter wins face-off versus Connor McDavid in Vancouver Canucks zone.
18:58 of 1st period - Shot by Wyatt Johnston.
18:58 of 1st period - Shot Misses the Net.
19:00 of 1st period - Shot by Cale Makar.
19:00 of 1st period - Stopped by Andrei Vasilevskiy without a rebound.
19:01 of 1st period - Connor McDavid wins face-off versus Bo Horvat in Edmonton Oilers zone.
19:08 of 1st period - Shot by Zach Werenski.
19:08 of 1st period - Shot Blocked by Oliver Ekman-Larsson.
19:10 of 1st period - Shot by Tom Wilson.
19:10 of 1st period - Deflect By Brayden Point.
19:10 of 1st period - Stopped by Jacob Markstrom without a rebound.
19:11 of 1st period - Wyatt Johnston wins face-off versus Gabriel Vilardi in Vancouver Canucks zone.
19:34 of 1st period - Shot by Gabriel Vilardi.
19:34 of 1st period - Goal by Gabriel Vilardi - Vancouver Canucks : 1 - Edmonton Oilers : 2.
19:35 of 1st period - Thomas Novak wins face-off versus Alexander Kerfoot in neutral zone.
19:37 of 1st period - Off-side.
19:38 of 1st period - Craig Smith wins face-off versus Thomas Novak in neutral zone.
19:38 of 1st period - Craig Smith is hit by Casey Mittelstadt.
Goals for this period are 1 for Vancouver Canucks vs 2 for Edmonton Oilers.
Shots for this period are 12 for Vancouver Canucks vs 12 for Edmonton Oilers.

2nd period


0:01 of 2nd period - Wyatt Johnston wins face-off versus Gabriel Vilardi in neutral zone.
0:08 of 2nd period - Shot by Matthew Knies.
0:08 of 2nd period - Stopped by Andrei Vasilevskiy without a rebound.
0:09 of 2nd period - Bo Horvat wins face-off versus Tom Wilson in Edmonton Oilers zone.
0:17 of 2nd period - Bo Horvat is hit by Cody Ceci and loses puck.
2:00 of 2nd period - Shot by Jordan Eberle.
2:00 of 2nd period - Deflect By Ryan McLeod.
2:00 of 2nd period - Shot Misses the Net.
2:03 of 2nd period - Minor Penalty to Joel Armia for Roughing.
2:04 of 2nd period - Wyatt Johnston wins face-off versus Ryan McLeod in Edmonton Oilers zone.
2:15 of 2nd period - Shot by Cale Makar.
2:15 of 2nd period - Deflect By Matthew Knies.
2:15 of 2nd period - Shot Blocked by Ryan Pulock.
2:17 of 2nd period - Shot by Quinn Hughes.
2:17 of 2nd period - Shot Blocked by Ryan Pulock.
2:19 of 2nd period - Shot by Quinn Hughes.
2:19 of 2nd period - Deflect By Wyatt Johnston.
2:19 of 2nd period - Shot Misses the Net.
2:25 of 2nd period - Shot by Cale Makar.
2:25 of 2nd period - Shot Misses the Net.
2:27 of 2nd period - Shot by Cale Makar.
2:27 of 2nd period - Stopped by Andrei Vasilevskiy without a rebound.
2:28 of 2nd period - Bo Horvat wins face-off versus Alexander Kerfoot in Edmonton Oilers zone.
2:31 of 2nd period - Shot by Pius Suter.
2:31 of 2nd period - Stopped by Andrei Vasilevskiy with a rebound.
2:33 of 2nd period - Shot by Oliver Ekman-Larsson.
2:33 of 2nd period - Shot Misses the Net.
2:35 of 2nd period - Shot by Pius Suter.
2:35 of 2nd period - Stopped by Andrei Vasilevskiy without a rebound.
2:36 of 2nd period - Bo Horvat wins face-off versus Ryan McLeod in Edmonton Oilers zone.
2:39 of 2nd period - Shot by Bo Horvat.
2:39 of 2nd period - Stopped by Andrei Vasilevskiy without a rebound.
2:40 of 2nd period - Bo Horvat wins face-off versus Ryan McLeod in Edmonton Oilers zone.
2:41 of 2nd period - Shot by Quinn Hughes.
2:41 of 2nd period - Shot Misses the Net.
2:43 of 2nd period - Shot by Quinn Hughes.
2:43 of 2nd period - Stopped by Andrei Vasilevskiy with a rebound.
2:45 of 2nd period - Shot by Pius Suter.
2:45 of 2nd period - Goal by Pius Suter - Vancouver Canucks : 2 - Edmonton Oilers : 2.
2:46 of 2nd period - David Kampf wins face-off versus Brayden Point in neutral zone.
3:09 of 2nd period - Shot by Connor McDavid.
3:09 of 2nd period - Stopped by Jacob Markstrom without a rebound.
3:10 of 2nd period - Gabriel Vilardi wins face-off versus Wyatt Johnston in Vancouver Canucks zone.
3:10 of 2nd period - Ryan Nugent-Hopkins is hit by Oliver Ekman-Larsson and loses puck.
3:15 of 2nd period - Shot by Gabriel Vilardi.
3:15 of 2nd period - Stopped by Jacob Markstrom without a rebound.
3:16 of 2nd period - Gabriel Vilardi wins face-off versus Wyatt Johnston in Vancouver Canucks zone.
3:23 of 2nd period - Brock Boeser is hit by Ryan Nugent-Hopkins and loses puck.
3:32 of 2nd period - Shot by Ryan Nugent-Hopkins.
3:32 of 2nd period - Stopped by Jacob Markstrom without a rebound.
3:33 of 2nd period - Bo Horvat wins face-off versus Connor McDavid in Vancouver Canucks zone.
3:33 of 2nd period - Bo Horvat is hit by Tom Wilson.
3:44 of 2nd period - Icing by Dmitry Kulikov.
3:45 of 2nd period - Connor McDavid wins face-off versus Thomas Novak in Edmonton Oilers zone.
3:50 of 2nd period - Tom Wilson and Vasily Podkolzin fight to a draw.
3:50 of 2nd period - Penalty to Tom Wilson for Fighting.
3:50 of 2nd period - Penalty to Vasily Podkolzin for Fighting.
3:50 of 2nd period - Brayden Point and Quinn Hughes fight to a draw.
3:50 of 2nd period - Penalty to Brayden Point for Fighting.
3:50 of 2nd period - Penalty to Quinn Hughes for Fighting.
3:50 of 2nd period - Connor McDavid and Casey Mittelstadt fight to a draw.
3:50 of 2nd period - Penalty to Connor McDavid for Fighting.
3:50 of 2nd period - Penalty to Casey Mittelstadt for Fighting.
3:50 of 2nd period - Minor Penalty to Dmitry Kulikov for Roughing.
3:50 of 2nd period - Minor Penalty to Thomas Novak for Cross-checking.
3:50 of 2nd period - Minor Penalty to John Carlson for Hooking.
3:51 of 2nd period - Bo Horvat wins face-off versus Ryan McLeod in Edmonton Oilers zone.
4:33 of 2nd period - Off-side.
4:34 of 2nd period - Wyatt Johnston wins face-off versus Ryan McLeod in neutral zone.
4:46 of 2nd period - Shot by Wyatt Johnston.
4:46 of 2nd period - Stopped by Andrei Vasilevskiy without a rebound.
4:47 of 2nd period - Alexander Kerfoot wins face-off versus Wyatt Johnston in Edmonton Oilers zone.
4:58 of 2nd period - Shot by Wyatt Johnston.
4:58 of 2nd period - Stopped by Andrei Vasilevskiy without a rebound.
4:59 of 2nd period - Alexander Kerfoot wins face-off versus Wyatt Johnston in Edmonton Oilers zone.
7:13 of 2nd period - Shot by Nick Foligno.
7:13 of 2nd period - Shot Misses the Net.
7:15 of 2nd period - Shot by Cody Ceci.
7:15 of 2nd period - Stopped by Jacob Markstrom with a rebound.
7:17 of 2nd period - Shot by Nick Foligno.
7:17 of 2nd period - Stopped by Jacob Markstrom without a rebound.
7:18 of 2nd period - Gabriel Vilardi wins face-off versus Bo Horvat in Vancouver Canucks zone.
7:18 of 2nd period - Zach Werenski is hit by Chris Tanev and loses puck.
7:27 of 2nd period - Shot by Cale Makar.
7:27 of 2nd period - Shot Misses the Net.
8:33 of 2nd period - Oliver Ekman-Larsson is hit by Craig Smith and loses puck.
9:23 of 2nd period - Shot by Elias Pettersson.
9:23 of 2nd period - Shot Blocked by John Carlson.
11:05 of 2nd period - Cale Makar is hit by Jordan Eberle and loses puck.
11:11 of 2nd period - Off-side.
11:12 of 2nd period - Alexander Kerfoot wins face-off versus Thomas Novak in neutral zone.
11:27 of 2nd period - Shot by Casey Mittelstadt.
11:27 of 2nd period - Stopped by Andrei Vasilevskiy without a rebound.
11:28 of 2nd period - Ryan McLeod wins face-off versus David Kampf in Edmonton Oilers zone.
11:28 of 2nd period - Ryan McLeod is hit by Phillip Di Giuseppe.
11:38 of 2nd period - Travis Hamonic is hit by Jordan Eberle.
11:50 of 2nd period - Shot by Mason Appleton.
11:50 of 2nd period - Stopped by Andrei Vasilevskiy without a rebound.
11:51 of 2nd period - Alexander Kerfoot wins face-off versus Thomas Novak in Edmonton Oilers zone.
12:04 of 2nd period - Shot by Zach Werenski.
12:04 of 2nd period - Shot Misses the Net.
12:42 of 2nd period - Shot by Tom Wilson.
12:42 of 2nd period - Stopped by Jacob Markstrom without a rebound.
12:43 of 2nd period - Gabriel Vilardi wins face-off versus Bo Horvat in Vancouver Canucks zone.
12:57 of 2nd period - Shot by Gabriel Vilardi.
12:57 of 2nd period - Goal by Gabriel Vilardi - Vancouver Canucks : 2 - Edmonton Oilers : 3.
12:58 of 2nd period - Ryan McLeod wins face-off versus David Kampf in neutral zone.
13:15 of 2nd period - Dmitry Kulikov is hit by Phillip Di Giuseppe and loses puck.
13:21 of 2nd period - Off-side.
13:22 of 2nd period - Wyatt Johnston wins face-off versus Gabriel Vilardi in neutral zone.
13:39 of 2nd period - Wyatt Johnston is hit by Evan Bouchard and loses puck.
13:54 of 2nd period - Shot by Matthew Knies.
13:54 of 2nd period - Shot Misses the Net.
13:56 of 2nd period - Shot by Wyatt Johnston.
13:56 of 2nd period - Shot Blocked by Evan Bouchard.
14:24 of 2nd period - Shot by Elias Pettersson.
14:24 of 2nd period - Stopped by Andrei Vasilevskiy without a rebound.
14:25 of 2nd period - David Kampf wins face-off versus Ryan McLeod in Edmonton Oilers zone.
14:53 of 2nd period - Shot by Joel Armia.
14:53 of 2nd period - Shot Misses the Net.
14:55 of 2nd period - Shot by John Carlson.
14:55 of 2nd period - Stopped by Jacob Markstrom without a rebound.
14:56 of 2nd period - Alexander Kerfoot wins face-off versus Bo Horvat in Vancouver Canucks zone.
15:01 of 2nd period - Shot by Marcus Foligno.
15:01 of 2nd period - Stopped by Jacob Markstrom without a rebound.
15:02 of 2nd period - Alexander Kerfoot wins face-off versus Wyatt Johnston in Vancouver Canucks zone.
15:21 of 2nd period - Shot by Alexander Kerfoot.
15:21 of 2nd period - Deflect By Marcus Foligno.
15:21 of 2nd period - Shot Blocked by Brock Boeser.
15:23 of 2nd period - Shot by Alexander Kerfoot.
15:23 of 2nd period - Stopped by Jacob Markstrom without a rebound.
15:24 of 2nd period - Bo Horvat wins face-off versus Brayden Point in Vancouver Canucks zone.
15:35 of 2nd period - Icing by Dmitry Kulikov.
15:36 of 2nd period - Connor McDavid wins face-off versus David Kampf in Edmonton Oilers zone.
16:25 of 2nd period - Shot by Matthew Knies.
16:25 of 2nd period - Goal by Matthew Knies - Vancouver Canucks : 3 - Edmonton Oilers : 3.
16:26 of 2nd period - Gabriel Vilardi wins face-off versus Pius Suter in neutral zone.
17:18 of 2nd period - Nate Schmidt is hit by Ryan Nugent-Hopkins.
18:00 of 2nd period - Brock Boeser is hit by Joel Armia and loses puck.
18:54 of 2nd period - Off-side.
18:55 of 2nd period - Connor McDavid wins face-off versus Bo Horvat in neutral zone.
19:14 of 2nd period - Shot by Bo Horvat.
19:14 of 2nd period - Stopped by Andrei Vasilevskiy without a rebound.
19:15 of 2nd period - Gabriel Vilardi wins face-off versus David Kampf in Edmonton Oilers zone.
19:30 of 2nd period - Shot by Gabriel Vilardi.
19:30 of 2nd period - Shot Blocked by Chris Tanev.
19:32 of 2nd period - Shot by Ryan Nugent-Hopkins.
19:32 of 2nd period - Stopped by Jacob Markstrom without a rebound.
19:33 of 2nd period - Bo Horvat wins face-off versus Ryan McLeod in Vancouver Canucks zone.
19:49 of 2nd period - Shot by Ryan McLeod.
19:49 of 2nd period - Shot Blocked by Quinn Hughes.
Goals for this period are 2 for Vancouver Canucks vs 1 for Edmonton Oilers.
Shots for this period are 14 for Vancouver Canucks vs 11 for Edmonton Oilers.

3rd period


0:01 of 3rd period - Gabriel Vilardi wins face-off versus Wyatt Johnston in neutral zone.
0:17 of 3rd period - Shot by Brock Boeser.
0:17 of 3rd period - Shot Misses the Net.
0:22 of 3rd period - Off-side.
0:23 of 3rd period - Thomas Novak wins face-off versus Ryan McLeod in neutral zone.
0:26 of 3rd period - Shot by Thomas Novak.
0:26 of 3rd period - Stopped by Andrei Vasilevskiy without a rebound.
0:27 of 3rd period - Ryan McLeod wins face-off versus Thomas Novak in Edmonton Oilers zone.
0:58 of 3rd period - Shot by Ryan McLeod.
0:58 of 3rd period - Shot Hit the Post.
1:22 of 3rd period - Shot by Brock Boeser.
1:22 of 3rd period - Shot Misses the Net.
1:24 of 3rd period - Shot by Matthew Knies.
1:24 of 3rd period - Shot Misses the Net.
1:26 of 3rd period - Shot by Chris Tanev.
1:26 of 3rd period - Shot Misses the Net.
1:28 of 3rd period - Shot by Chris Tanev.
1:28 of 3rd period - Stopped by Andrei Vasilevskiy without a rebound.
1:29 of 3rd period - Alexander Kerfoot wins face-off versus Bo Horvat in Edmonton Oilers zone.
1:39 of 3rd period - Shot by Pius Suter.
1:39 of 3rd period - Shot Misses the Net.
1:49 of 3rd period - Shot by Elias Pettersson.
1:49 of 3rd period - Shot Misses the Net.
1:51 of 3rd period - Shot by Pius Suter.
1:51 of 3rd period - Stopped by Andrei Vasilevskiy without a rebound.
1:52 of 3rd period - Wyatt Johnston wins face-off versus Connor McDavid in Edmonton Oilers zone.
1:56 of 3rd period - Wyatt Johnston is hit by John Carlson and loses puck.
2:27 of 3rd period - Minor Penalty to Dmitry Kulikov for Hooking.
2:28 of 3rd period - Ryan McLeod wins face-off versus Bo Horvat in Edmonton Oilers zone.
2:28 of 3rd period - Ryan McLeod is hit by Elias Pettersson.
2:35 of 3rd period - Icing by Bo Horvat.
2:36 of 3rd period - Ryan McLeod wins face-off versus Bo Horvat in Vancouver Canucks zone.
4:20 of 3rd period - Shot by Elias Pettersson.
4:20 of 3rd period - Stopped by Andrei Vasilevskiy without a rebound.
4:21 of 3rd period - Ryan McLeod wins face-off versus Bo Horvat in Edmonton Oilers zone.
4:45 of 3rd period - Shot by David Kampf.
4:45 of 3rd period - Shot Blocked by Connor McDavid.
4:55 of 3rd period - Shot by Connor McDavid.
4:55 of 3rd period - Stopped by Jacob Markstrom with a rebound.
5:36 of 3rd period - Shot by Vasily Podkolzin.
5:36 of 3rd period - Shot Misses the Net.
6:32 of 3rd period - Shot by Joel Armia.
6:32 of 3rd period - Shot Misses the Net.
6:34 of 3rd period - Shot by Dmitry Kulikov.
6:34 of 3rd period - Shot Blocked by Oliver Ekman-Larsson.
6:36 of 3rd period - Shot by Ryan McLeod.
6:36 of 3rd period - Shot Hit the Post.
6:38 of 3rd period - Shot by Joel Armia.
6:38 of 3rd period - Stopped by Jacob Markstrom with a rebound.
6:50 of 3rd period - Shot by Jordan Eberle.
6:50 of 3rd period - Shot Blocked by Oliver Ekman-Larsson.
7:21 of 3rd period - Quinn Hughes is hit by Zach Werenski and loses puck.
7:58 of 3rd period - Shot by Cale Makar.
7:58 of 3rd period - Shot Misses the Net.
8:10 of 3rd period - Shot by Wyatt Johnston.
8:10 of 3rd period - Stopped by Andrei Vasilevskiy without a rebound.
8:11 of 3rd period - Alexander Kerfoot wins face-off versus Thomas Novak in Edmonton Oilers zone.
8:11 of 3rd period - Alexander Kerfoot is hit by Vasily Podkolzin.
9:10 of 3rd period - Off-side.
9:11 of 3rd period - Wyatt Johnston wins face-off versus Gabriel Vilardi in neutral zone.
9:14 of 3rd period - Shot by Matthew Knies.
9:14 of 3rd period - Stopped by Andrei Vasilevskiy without a rebound.
9:15 of 3rd period - Gabriel Vilardi wins face-off versus Wyatt Johnston in Edmonton Oilers zone.
9:26 of 3rd period - Shot by Ryan Nugent-Hopkins.
9:26 of 3rd period - Shot Misses the Net.
9:28 of 3rd period - Shot by Gabriel Vilardi.
9:28 of 3rd period - Shot Misses the Net.
9:35 of 3rd period - Icing by Chris Tanev.
9:36 of 3rd period - Ryan McLeod wins face-off versus Matthew Knies in Vancouver Canucks zone.
9:45 of 3rd period - Shot by Ryan McLeod.
9:45 of 3rd period - Deflect By Jordan Eberle.
9:45 of 3rd period - Stopped by Jacob Markstrom without a rebound.
9:46 of 3rd period - Thomas Novak wins face-off versus Tom Wilson in Vancouver Canucks zone.
10:05 of 3rd period - Shot by Thomas Novak.
10:05 of 3rd period - Shot Misses the Net.
10:51 of 3rd period - Joel Armia is hit by Matthew Knies and loses puck.
11:08 of 3rd period - Shot by Wyatt Johnston.
11:08 of 3rd period - Stopped by Andrei Vasilevskiy without a rebound.
11:09 of 3rd period - David Kampf wins face-off versus Gabriel Vilardi in Edmonton Oilers zone.
11:22 of 3rd period - Phillip Di Giuseppe is hit by Nick Foligno and loses puck.
12:14 of 3rd period - Shot by Bo Horvat.
12:14 of 3rd period - Shot Misses the Net.
12:19 of 3rd period - Evan Bouchard is hit by Pius Suter and loses puck.
12:32 of 3rd period - Shot by Bo Horvat.
12:32 of 3rd period - Stopped by Andrei Vasilevskiy without a rebound.
12:33 of 3rd period - Wyatt Johnston wins face-off versus Connor McDavid in Edmonton Oilers zone.
15:31 of 3rd period - Shot by Gabriel Vilardi.
15:31 of 3rd period - Stopped by Jacob Markstrom without a rebound.
15:32 of 3rd period - Ryan McLeod wins face-off versus Phillip Di Giuseppe in Vancouver Canucks zone.
16:36 of 3rd period - Shot by Matthew Knies.
16:36 of 3rd period - Deflect By Wyatt Johnston.
16:36 of 3rd period - Shot Misses the Net.
16:43 of 3rd period - Minor Penalty to Craig Smith for Hooking.
16:44 of 3rd period - Bo Horvat wins face-off versus Alexander Kerfoot in Edmonton Oilers zone.
17:28 of 3rd period - Icing by Matthew Knies.
17:29 of 3rd period - Connor McDavid wins face-off versus Wyatt Johnston in Vancouver Canucks zone.
17:30 of 3rd period - Shot by Joel Armia.
17:30 of 3rd period - Deflect By Connor McDavid.
17:30 of 3rd period - Shot Misses the Net.
18:06 of 3rd period - Shot by Cale Makar.
18:06 of 3rd period - Shot Misses the Net.
18:11 of 3rd period - Shot by Cale Makar.
18:11 of 3rd period - Shot Misses the Net.
18:13 of 3rd period - Shot by David Kampf.
18:13 of 3rd period - Stopped by Andrei Vasilevskiy without a rebound.
18:14 of 3rd period - Alexander Kerfoot wins face-off versus Bo Horvat in Edmonton Oilers zone.
18:25 of 3rd period - Shot by Cale Makar.
18:25 of 3rd period - Stopped by Andrei Vasilevskiy with a rebound.
18:33 of 3rd period - Shot by Bo Horvat.
18:33 of 3rd period - Shot Misses the Net.
18:35 of 3rd period - Shot by Cale Makar.
18:35 of 3rd period - Stopped by Andrei Vasilevskiy without a rebound.
18:36 of 3rd period - Wyatt Johnston wins face-off versus Ryan McLeod in Edmonton Oilers zone.
18:37 of 3rd period - Shot by Brock Boeser.
18:37 of 3rd period - Shot Misses the Net.
18:41 of 3rd period - Shot by Wyatt Johnston.
18:41 of 3rd period - Stopped by Andrei Vasilevskiy with a rebound.
18:47 of 3rd period - Shot by Cale Makar.
18:47 of 3rd period - Deflect By Mason Appleton.
18:47 of 3rd period - Shot Misses the Net.
18:52 of 3rd period - Evan Bouchard is hit by Chris Tanev.
18:58 of 3rd period - Shot by Brayden Point.
18:58 of 3rd period - Shot Blocked by Phillip Di Giuseppe.
19:00 of 3rd period - Shot by Connor McDavid.
19:00 of 3rd period - Stopped by Jacob Markstrom without a rebound.
19:01 of 3rd period - Thomas Novak wins face-off versus Gabriel Vilardi in Vancouver Canucks zone.
19:54 of 3rd period - Marcus Foligno is hit by Vasily Podkolzin and loses puck.
Goals for this period are 0 for Vancouver Canucks vs 0 for Edmonton Oilers.
Shots for this period are 12 for Vancouver Canucks vs 5 for Edmonton Oilers.

Overtime #1


0:01 of 1st overtime period - Wyatt Johnston wins face-off versus Connor McDavid in neutral zone.
0:22 of 1st overtime period - Shot by Brayden Point.
0:22 of 1st overtime period - Deflect By Tom Wilson.
0:22 of 1st overtime period - Stopped by Jacob Markstrom with a rebound.
0:24 of 1st overtime period - Shot by Connor McDavid.
0:24 of 1st overtime period - Stopped by Jacob Markstrom with a rebound.
0:26 of 1st overtime period - Shot by Tom Wilson.
0:26 of 1st overtime period - Goal by Tom Wilson - Vancouver Canucks : 3 - Edmonton Oilers : 4.
Goals for this period are 0 for Vancouver Canucks vs 1 for Edmonton Oilers.
Shots for this period are 0 for Vancouver Canucks vs 3 for Edmonton Oilers.